[Event "AUT-ch Open 2020"]
[Site "Graz"]
[Date "2020.02.16"]
[Round "3.28"]
[White "Orgler, Philipp"]
[Black "Nitin, S.."]
[Result "0-1"]
[ECO "A43"]
[WhiteElo "2021"]
[BlackElo "2353"]
[Annotator "ChessBase"]
[PlyCount "66"]
[EventDate "2020.02.14"]
[EventType "swiss"]
[EventCountry "AUT"]
[SourceTitle "playchess.com"]
[Source "ChessBase"]
[SourceQuality "1"]
[TimeControl "40/5400+30:1800+30"]

1. d4 c5 2. d5 d6 3. e4 Nf6 4. Nc3 g6 5. Nf3 Bg7 6. Be2 O-O 7. h3 e6 8. O-O exd5 9. exd5 Na6 10. Nd2 Nc7 11. Nc4 b5 12. Ne3 a6 13. a4 Rb8 14. Ng4 Bxg4 15. hxg4 b4 16. g5 bxc3 17. gxf6 Qxf6 18. bxc3 Qxc3 19. Ra3 Qe5 20. Bc4 Qe4 21. Qd3 Qxd3 22. Bxd3 Nxd5 23. Bxa6 Nb4 24. Bd3 d5 25. Bf4 Rbc8 26. Rb1 Rfd8 27. a5 c4 28. Rxb4 Bf8 29. c3 cxd3 30. a6 d4 31. a7 dxc3 32. Bb8 Bxb4 33. a8=Q Rxb8 0-1

[Event "AUT-ch Open 2020"]
[Site "Graz"]
[Date "2020.02.16"]
[Round "3.30"]
[White "Lodici, Lorenzo"]
[Black "Krasteva, Beloslava"]
[Result "1-0"]
[ECO "E06"]
[WhiteElo "2492"]
[BlackElo "2259"]
[Annotator "ChessBase"]
[PlyCount "73"]
[EventDate "2020.02.14"]
[EventType "swiss"]
[EventCountry "AUT"]
[SourceTitle "playchess.com"]
[Source "ChessBase"]
[SourceQuality "1"]
[TimeControl "40/5400+30:1800+30"]

1. d4 d5 2. c4 e6 3. Nf3 Nf6 4. g3 Be7 5. Bg2 O-O 6. Nc3 dxc4 7. Ne5 Qd6 8. O-O Qa6 9. a4 Nc6 10. Nb5 Nxe5 11. dxe5 Rd8 12. exf6 Rxd1 13. Rxd1 Bd6 14. Bf4 Qa5 15. Nxd6 cxd6 16. Rxd6 h5 17. fxg7 Kxg7 18. Bd2 Qc7 19. Bc3+ f6 20. Rad1 a5 21. Rd8 Ra6 22. Re8 e5 23. Rdd8 Be6 24. Rb8 Rd6 25. h4 Bd5 26. Rbc8 Qf7 27. e4 Bc6 28. Rh8 Bd7 29. Rb8 b6 30. f4 exf4 31. gxf4 Be6 32. f5 Rd1+ 33. Kf2 Qc7 34. fxe6 Qf4+ 35. Ke2 Qg4+ 36. Bf3 Qxe6 37. Rbg8+ 1-0

[Event "AUT-ch Open 2020"]
[Site "Graz"]
[Date "2020.02.16"]
[Round "3.31"]
[White "Yankelevich, Lev"]
[Black "Meurs, Tom"]
[Result "1/2-1/2"]
[ECO "D43"]
[WhiteElo "2473"]
[BlackElo "2249"]
[Annotator "ChessBase"]
[PlyCount "68"]
[EventDate "2020.02.14"]
[EventType "swiss"]
[EventCountry "AUT"]
[SourceTitle "playchess.com"]
[Source "ChessBase"]
[SourceQuality "1"]
[TimeControl "40/5400+30:1800+30"]

1. d4 d5 2. c4 c6 3. Nf3 Nf6 4. Nc3 e6 5. Bg5 h6 6. Bh4 dxc4 7. e4 g5 8. Bg3 b5 9. Be2 Bb7 10. O-O Nbd7 11. h3 Nh5 12. Bh2 Rg8 13. d5 Nf4 14. Nd4 cxd5 15. exd5 Ne5 16. Ndxb5 exd5 17. Re1 Be7 18. Bf1 Neg6 19. Qa4 Kf8 20. Rad1 Bc5 21. b4 Bb6 22. Qc2 Qf6 23. Na4 d4 24. Nxb6 Nxh3+ 25. Kh1 axb6 26. Rxd4 Nxf2+ 27. Kg1 Nd3 28. Bxd3 cxd3 29. Rxd3 Nf4 30. Rd6 Nh3+ 31. Kh1 Nf2+ 32. Kg1 Nh3+ 33. Kh1 Nf2+ 34. Kg1 Nh3+ 1/2-1/2

[Event "AUT-ch Open 2020"]
[Site "Graz"]
[Date "2020.02.16"]
[Round "3.32"]
[White "Blohberger, Felix"]
[Black "Bakalarz, Mietek"]
[Result "1/2-1/2"]
[ECO "C42"]
[WhiteElo "2448"]
[BlackElo "2245"]
[Annotator "ChessBase"]
[PlyCount "62"]
[EventDate "2020.02.14"]
[EventType "swiss"]
[EventCountry "AUT"]
[SourceTitle "playchess.com"]
[Source "ChessBase"]
[SourceQuality "1"]
[TimeControl "40/5400+30:1800+30"]

1. e4 e5 2. Nf3 Nf6 3. Nxe5 d6 4. Nd3 Nxe4 5. Qe2 Qe7 6. Nc3 Nxc3 7. dxc3 Qxe2+ 8. Bxe2 Nc6 9. O-O Bf5 10. Re1 O-O-O 11. Bf3 Ne5 12. Nxe5 dxe5 13. Rxe5 Bxc2 14. Be3 a6 15. Rc1 Bd6 16. Rd5 Ba4 17. Rd4 Bd7 18. Rcd1 Be6 19. c4 Be7 20. b3 Bf6 21. Rxd8+ Rxd8 22. Rxd8+ Bxd8 23. Bd4 g6 24. Be4 f5 25. Bd3 Be7 26. g3 Bd7 27. Be5 Bc6 28. f4 Bc5+ 29. Kf1 a5 30. g4 fxg4 31. f5 gxf5 1/2-1/2

[Event "AUT-ch Open 2020"]
[Site "Graz"]
[Date "2020.02.16"]
[Round "3.33"]
[White "Schnider, Gert"]
[Black "Modler, Andreas"]
[Result "1-0"]
[ECO "B41"]
[WhiteElo "2429"]
[BlackElo "2225"]
[Annotator "ChessBase"]
[PlyCount "61"]
[EventDate "2020.02.14"]
[EventType "swiss"]
[EventCountry "AUT"]
[SourceTitle "playchess.com"]
[Source "ChessBase"]
[SourceQuality "1"]
[TimeControl "40/5400+30:1800+30"]

1. e4 c5 2. Nf3 e6 3. d4 cxd4 4. Nxd4 a6 5. c4 Nf6 6. Nc3 Qc7 7. Be2 Bb4 8. O-O Bxc3 9. bxc3 d6 10. Ba3 Nxe4 11. Bf3 Nc5 12. Nb3 O-O 13. Qd2 Rd8 14. Rfd1 Nc6 15. Nxc5 dxc5 16. Qe3 Bd7 17. Qxc5 h6 18. Rab1 Rac8 19. Qd6 Ne5 20. Be2 Qxd6 21. Bxd6 Ng6 22. Rxb7 Ba4 23. Rd2 Ne5 24. Rb4 Be8 25. f4 Nc6 26. Rbb2 a5 27. c5 a4 28. Rb6 Na5 29. Rd4 a3 30. Ra6 Ra8 31. Bc7 1-0

[Event "AUT-ch Open 2020"]
[Site "Graz"]
[Date "2020.02.16"]
[Round "3.34"]
[White "Polterauer, Chiara"]
[Black "Valeanu, Eduard-Andrei"]
[Result "0-1"]
[ECO "B23"]
[WhiteElo "2187"]
[BlackElo "2427"]
[Annotator "ChessBase"]
[PlyCount "70"]
[EventDate "2020.02.14"]
[EventType "swiss"]
[EventCountry "AUT"]
[SourceTitle "playchess.com"]
[Source "ChessBase"]
[SourceQuality "1"]
[TimeControl "40/5400+30:1800+30"]

1. e4 c5 2. Nc3 g6 3. f4 Bg7 4. Nf3 Nc6 5. Bc4 e6 6. O-O Nge7 7. f5 d5 8. fxg6 fxg6 9. Bb5 O-O 10. Bxc6 Nxc6 11. d3 Qd6 12. Qe1 Bd7 13. Qh4 Nd4 14. Bh6 Nxf3+ 15. gxf3 Rf7 16. Bxg7 Kxg7 17. Rae1 Raf8 18. e5 Qb6 19. Nd1 Rf4 20. Qg3 c4+ 21. Kh1 cxd3 22. cxd3 Qd4 23. Re3 Ba4 24. b3 Bb5 25. Rf2 Qa1 26. Qg1 d4 27. Re4 Bxd3 28. Rxf4 Rxf4 29. Qe1 Qc1 30. Kg2 Bb5 31. Kg3 Bc6 32. Qe2 g5 33. Rf1 Rh4 34. h3 Qf4+ 35. Kg2 g4 0-1

[Event "AUT-ch Open 2020"]
[Site "Graz"]
[Date "2020.02.16"]
[Round "3.36"]
[White "Kosakowski, Jakub"]
[Black "Tonndorf, Matthias"]
[Result "1-0"]
[ECO "B42"]
[WhiteElo "2413"]
[BlackElo "2193"]
[Annotator "ChessBase"]
[PlyCount "109"]
[EventDate "2020.02.14"]
[EventType "swiss"]
[EventCountry "AUT"]
[SourceTitle "playchess.com"]
[Source "ChessBase"]
[SourceQuality "1"]
[TimeControl "40/5400+30:1800+30"]

1. e4 c5 2. Nf3 e6 3. d4 cxd4 4. Nxd4 a6 5. Bd3 g6 6. O-O Bg7 7. Nb3 Ne7 8. c4 Nbc6 9. Nc3 O-O 10. Be2 f5 11. c5 Bxc3 12. bxc3 fxe4 13. Qc2 Nd5 14. c4 Nf4 15. Qxe4 Qf6 16. g3 Nxe2+ 17. Qxe2 a5 18. Bb2 Qf3 19. Qd2 e5 20. Rae1 a4 21. Nc1 Re8 22. Re3 Qf7 23. Nd3 Qxc4 24. Nxe5 Nxe5 25. Bxe5 d5 26. Bd4 Bf5 27. Rfe1 Re4 28. Rxe4 Bxe4 29. f3 Qd3 30. Qxd3 Bxd3 31. Re7 h5 32. a3 Kf8 33. Rxb7 Re8 34. Bc3 Re3 35. c6 Bf5 36. Bb4+ Kg8 37. Rb8+ Kf7 38. c7 Re8 39. Rd8 Be6 40. h4 Rg8 41. Kf2 Re8 42. Bc5 Bc8 43. Rxd5 Ba6 44. Rd7+ Kg8 45. Rd8 Kf7 46. g4 Bc8 47. Kg3 Rg8 48. Kf4 hxg4 49. Rxg8 Kxg8 50. fxg4 Kf7 51. Kg5 Kg7 52. Bd4+ Kh7 53. h5 gxh5 54. gxh5 Bd7 55. h6 1-0

[Event "AUT-ch Open 2020"]
[Site "Graz"]
[Date "2020.02.17"]
[Round "4.11"]
[White "Schoppen, Casper"]
[Black "Godzwon, Iwo"]
[Result "1/2-1/2"]
[ECO "B46"]
[WhiteElo "2489"]
[BlackElo "2321"]
[Annotator "RC"]
[PlyCount "60"]
[EventDate "2020.02.14"]
[EventType "swiss"]
[EventCountry "AUT"]
[SourceTitle "playchess.com"]
[Source "ChessBase"]
[SourceQuality "1"]
[TimeControl "40/5400+30:1800+30"]

1. e4 c5 2. Nf3 e6 3. d4 cxd4 4. Nxd4 Nc6 5. Nc3 a6 6. Be3 Nf6 7. Nxc6 bxc6 8. e5 Nd5 9. Nxd5 cxd5 10. Bd4 Be7 11. Bd3 O-O 12. O-O d6 13. f4 g6 14. Qe2 a5 15. Rf3 f5 16. Re1 dxe5 17. Bxe5 Bf6 18. c4 Bb7 19. c5 d4 20. Bd6 Bxf3 21. Qxe6+ Kg7 22. gxf3 Re8 23. Qxe8 Qxe8 24. Rxe8 Rxe8 25. c6 Be7 26. Be5+ Bf6 27. Bd6 Be7 28. Be5+ Bf6 29. Bd6 Be7 30. Be5+ Bf6 1/2-1/2

[Event "AUT-ch Open 2020"]
[Site "Graz"]
[Date "2020.02.18"]
[Round "5.2"]
[White "Krasteva, Beloslava"]
[Black "Niedbala, Bartlomiej"]
[Result "1-0"]
[ECO "A40"]
[WhiteElo "2259"]
[BlackElo "2432"]
[Annotator "ChessBase"]
[PlyCount "138"]
[EventDate "2020.02.14"]
[EventType "swiss"]
[EventCountry "AUT"]
[SourceTitle "playchess.com"]
[Source "ChessBase"]
[SourceQuality "1"]
[TimeControl "40/5400+30:1800+30"]

1. d4 e6 2. c4 b6 3. Nc3 Bb7 4. a3 Nf6 5. e3 d5 6. cxd5 exd5 7. Bd3 Bd6 8. Nge2 O-O 9. O-O a6 10. Bd2 Nbd7 11. Nf4 c5 12. Qf3 Qb8 13. Ncxd5 Bxf4 14. Nxf6+ Nxf6 15. Qxf4 Qxf4 16. exf4 Rfd8 17. Rad1 Rd6 18. Bc3 Rad8 19. Bc2 cxd4 20. Bb4 R6d7 21. Bf5 Rc7 22. Rfe1 Rd5 23. Bd3 Rdd7 24. Bf5 Rd5 25. Bd3 g6 26. f3 Rdd7 27. f5 Kg7 28. fxg6 hxg6 29. Bd2 Nd5 30. Kf2 f5 31. g3 Kf7 32. h4 Nf6 33. Bf4 Rc8 34. Rc1 Rxc1 35. Rxc1 Ke6 36. Re1+ Kf7 37. Bc4+ Nd5 38. Be5 b5 39. Bb3 d3 40. Rd1 Ke7 41. Rxd3 Nb6 42. Rxd7+ Nxd7 43. Bd4 Nb8 44. Ke3 Bc8 45. Kf4 Be6 46. Bxe6 Kxe6 47. Kg5 Nc6 48. Bf6 Kf7 49. h5 gxh5 50. Kxf5 a5 51. f4 a4 52. Kg5 b4 53. axb4 Nxb4 54. Bd4 Nd5 55. Kxh5 Ke6 56. Kg5 Ne7 57. g4 Kf7 58. f5 Nd5 59. Kh4 Ne7 60. Kg3 Nc6 61. Bc3 Ne7 62. Kf3 Nd5 63. Bd4 Ne7 64. Ke4 Ng8 65. g5 Ne7 66. Bc3 Ng8 67. g6+ Kf8 68. f6 Nh6 69. Kf4 Ng8 1-0

[Event "AUT-ch Open 2020"]
[Site "Graz"]
[Date "2020.02.18"]
[Round "5.5"]
[White "Livaic, Leon"]
[Black "Menezes, Christoph"]
[Result "1-0"]
[ECO "D38"]
[WhiteElo "2492"]
[BlackElo "2492"]
[Annotator "RC"]
[PlyCount "141"]
[EventDate "2020.02.14"]
[EventType "swiss"]
[EventCountry "AUT"]
[SourceTitle "playchess.com"]
[Source "ChessBase"]
[SourceQuality "1"]
[TimeControl "40/5400+30:1800+30"]

1. d4 Nf6 2. Nf3 d5 3. c4 e6 4. Nc3 Bb4 5. Bg5 h6 6. Bxf6 Qxf6 7. e3 O-O 8. Rc1 dxc4 9. Bxc4 c5 10. O-O cxd4 11. Ne4 Qe7 12. a3 Ba5 13. Qxd4 Nc6 14. Qc5 Rd8 15. Qh5 Bd7 16. g4 f6 17. Rfd1 Be8 18. Qc5 Kf7 19. Rd6 Rxd6 20. Nxd6+ Kf8 21. Nxb7 Bb6 22. Qxe7+ Kxe7 23. Ba6 Nb8 24. Be2 a5 25. Nc5 a4 26. Nd4 Bxc5 27. Rxc5 Ra7 28. Bb5 Bd7 29. Bxd7 Kxd7 30. Rb5 Nc6 31. Nxc6 Kxc6 32. Rb4 g5 33. Kf1 Kd5 34. Ke2 Kc5 35. f3 f5 36. Kd3 Rd7+ 37. Kc3 Ra7 38. h3 Ra8 39. Rb7 Rc8 40. Rb4 Ra8 41. Kd3 Rd8+ 42. Ke2 Ra8 43. f4 Ra5 44. Kf3 Ra6 45. e4 fxg4+ 46. Kxg4 gxf4 47. Kxf4 Kd6 48. Kg4 Ra5 49. h4 Ke7 50. e5 Rxe5 51. Rxa4 h5+ 52. Kf4 Kf6 53. b4 Rd5 54. Ke4 Rd1 55. b5 Rh1 56. Ra8 Rxh4+ 57. Kd3 Rh1 58. a4 Rb1 59. Kc4 h4 60. Rh8 Kg5 61. a5 e5 62. a6 Ra1 63. Kd5 Ra5 64. Ke4 Kg4 65. Rg8+ Kh3 66. b6 Rxa6 67. b7 Rb6 68. b8=Q Rxb8 69. Rxb8 Kg3 70. Ke3 Kh2 71. Ke4 1-0

[Event "AUT-ch Open 2020"]
[Site "Graz"]
[Date "2020.02.18"]
[Round "5.5"]
[White "Frosch, Erich"]
[Black "Hoefelsauer, Thomas"]
[Result "1/2-1/2"]
[ECO "D12"]
[WhiteElo "2210"]
[BlackElo "2390"]
[Annotator "RC"]
[PlyCount "132"]
[EventDate "2020.02.14"]
[EventType "swiss"]
[EventCountry "AUT"]
[SourceTitle "playchess.com"]
[Source "ChessBase"]
[SourceQuality "1"]
[TimeControl "40/5400+30:1800+30"]

1. d4 d5 2. Nf3 Nf6 3. e3 Bf5 4. c4 c6 5. Nc3 e6 6. a3 Be7 7. h3 Nbd7 8. Be2 h6 9. b4 O-O 10. Bb2 a5 11. b5 cxb5 12. Nxb5 dxc4 13. Bxc4 Rc8 14. Bd3 Bxd3 15. Qxd3 Nc5 16. Qe2 Na4 17. O-O Qd5 18. Rac1 Qb3 19. Ba1 Ne4 20. Rb1 Qc2 21. Qe1 b6 22. d5 exd5 23. Nfd4 Qc5 24. f3 Nd6 25. Qg3 g6 26. Rfe1 Nxb5 27. Nxb5 Rfe8 28. Qe5 f6 29. Qf4 Qc2 30. Qxh6 Qf5 31. Bd4 Qg5 32. Qxg5 fxg5 33. Kf2 Rc2+ 34. Re2 Rec8 35. Rd1 Kf7 36. Be5 Rxe2+ 37. Kxe2 Rc5 38. Rb1 Rc2+ 39. Kf1 Bc5 40. Rb3 Ra2 41. Kg1 Ke6 42. Bg7 Rd2 43. Kh2 Kf7 44. Be5 Ke6 45. Bg7 Kf7 46. Be5 Re2 47. Nd4 Rb2 48. Rd3 Rb1 49. Kg3 Re1 50. Rb3 Rc1 51. Nb5 Ke6 52. Bg7 Be7 53. Kg4 Nc5 54. Rb2 Nd3 55. Rd2 Ne5+ 56. Bxe5 Kxe5 57. f4+ gxf4 58. exf4+ Ke6 59. Nd4+ Kf6 60. Rd3 Ra1 61. Nb5 Ke6 62. Nc7+ Kf7 63. Nxd5 Rxa3 64. Rxa3 Bxa3 65. Nxb6 Bc5 66. Na4 Bd4 1/2-1/2

[Event "AUT-ch Open 2020"]
[Site "Graz"]
[Date "2020.02.18"]
[Round "5.14"]
[White "Rieger, Robert"]
[Black "Bodrogi, Bendeguz"]
[Result "1/2-1/2"]
[ECO "B32"]
[WhiteElo "2320"]
[BlackElo "2032"]
[Annotator "ChessBase"]
[PlyCount "85"]
[EventDate "2020.02.14"]
[EventType "swiss"]
[EventCountry "AUT"]
[SourceTitle "playchess.com"]
[Source "ChessBase"]
[SourceQuality "1"]
[TimeControl "40/5400+30:1800+30"]

1. e4 c5 2. Nf3 Nc6 3. d4 cxd4 4. Nxd4 e5 5. Nb5 d6 6. c4 Be7 7. b3 Nf6 8. Bd3 O-O 9. O-O Nd7 10. N1c3 a6 11. Na3 Bg5 12. Bb2 Nc5 13. Be2 Be6 14. Nc2 Qb6 15. Rb1 f5 16. exf5 Bxf5 17. Nd5 Qd8 18. b4 Bxc2 19. Qxc2 Ne6 20. Bd3 g6 21. Be4 Ncd4 22. Qd3 Rc8 23. Bxd4 Nxd4 24. f4 Bh6 25. fxe5 dxe5 26. Rxf8+ Bxf8 27. Rf1 Bg7 28. c5 Nc6 29. Qh3 Rb8 30. a3 Qc8 31. Qf3 Qd7 32. Kh1 Rd8 33. h3 Kh8 34. Nb6 Qe7 35. Qe2 Nd4 36. Qe1 a5 37. Nc4 axb4 38. axb4 Bf6 39. Qf2 Kg7 40. Ra1 Bh4 41. Qb2 Rf8 42. Qc3 Ne2 43. Qe3 1/2-1/2

[Event "AUT-ch Open 2020"]
[Site "Graz"]
[Date "2020.02.18"]
[Round "5.14"]
[White "Papakonstantinou, Dimitrios"]
[Black "Halvax, Georg"]
[Result "1/2-1/2"]
[ECO "B33"]
[WhiteElo "2275"]
[BlackElo "2428"]
[Annotator "RC"]
[PlyCount "82"]
[EventDate "2020.02.14"]
[EventType "swiss"]
[EventCountry "AUT"]
[SourceTitle "playchess.com"]
[Source "ChessBase"]
[SourceQuality "1"]
[TimeControl "40/5400+30:1800+30"]

1. e4 c5 2. Nf3 Nc6 3. d4 cxd4 4. Nxd4 Nf6 5. Nc3 e5 6. Ndb5 d6 7. Bg5 a6 8. Na3 b5 9. Bxf6 gxf6 10. Nd5 Bg7 11. Bd3 Ne7 12. Nxe7 Qxe7 13. c4 f5 14. O-O O-O 15. Qh5 d5 16. cxd5 Qd8 17. exf5 Qxd5 18. f6 Qxd3 19. fxg7 Re8 20. Rfe1 Qg6 21. Rxe5 Qxh5 22. Rxh5 Re2 23. b3 Be6 24. Kf1 Rb2 25. Re5 Rc8 26. Re2 Rxe2 27. Kxe2 b4 28. Nc4 Bxc4+ 29. bxc4 Rxc4 30. Kd2 a5 31. Rb1 Kxg7 32. Rb3 h5 33. Rf3 Kg6 34. a3 bxa3 35. Rxa3 a4 36. Rd3 f6 37. Rd7 Rb4 38. Ra7 Rb2+ 39. Ke3 Rb3+ 40. Kf4 a3 41. h4 Rb4+ {[%emt 0:30:20] Ke4} 1/2-1/2

[Event "AUT-ch Open 2020"]
[Site "Graz"]
[Date "2020.02.18"]
[Round "5.16"]
[White "Schwabeneder, Florian"]
[Black "Stukan, Martin"]
[Result "1-0"]
[ECO "A05"]
[WhiteElo "2412"]
[BlackElo "2292"]
[Annotator "ChessBase"]
[PlyCount "91"]
[EventDate "2020.02.14"]
[EventType "swiss"]
[EventCountry "AUT"]
[SourceTitle "playchess.com"]
[Source "ChessBase"]
[SourceQuality "1"]
[TimeControl "40/5400+30:1800+30"]

1. Nf3 Nf6 2. b3 g6 3. Bb2 Bg7 4. g3 c5 5. Bg2 d6 6. c4 e5 7. d3 O-O 8. O-O Nc6 9. Nc3 h6 10. Nd2 Be6 11. a3 Qd7 12. Nd5 Bxd5 13. cxd5 Ne7 14. e4 h5 15. a4 Ng4 16. h3 Nh6 17. f4 exf4 18. Bxg7 Kxg7 19. gxf4 f6 20. Nc4 Nf7 21. Qf3 Rab8 22. h4 Nh6 23. Bh3 f5 24. e5 dxe5 25. d6 Nc6 26. fxe5 Qe6 27. Rae1 Nd4 28. Qf4 Ng4 29. b4 Nc2 30. bxc5 Nxe1 31. Rxe1 Rbc8 32. Qd4 f4 33. Re4 f3 34. Rxg4 f2+ 35. Kf1 hxg4 36. Bxg4 Rf5 37. Ne3 Rcf8 38. Bxf5 gxf5 39. Qf4 Kf7 40. d4 Qa2 41. d5 Qd2 42. e6+ Kg6 43. Qxf2 Qd3+ 44. Qe2 Qb1+ 45. Kf2 Qe4 46. Qc4 1-0

[Event "AUT-ch Open 2020"]
[Site "Graz"]
[Date "2020.02.18"]
[Round "5.19"]
[White "Mayrhuber, Nikola"]
[Black "Caglar, Sila"]
[Result "0-1"]
[ECO "A62"]
[WhiteElo "2017"]
[BlackElo "2268"]
[Annotator "ChessBase"]
[PlyCount "96"]
[EventDate "2020.02.14"]
[EventType "swiss"]
[EventCountry "AUT"]
[SourceTitle "playchess.com"]
[Source "ChessBase"]
[SourceQuality "1"]
[TimeControl "40/5400+30:1800+30"]

1. d4 Nf6 2. c4 c5 3. d5 e6 4. g3 exd5 5. cxd5 d6 6. Nc3 g6 7. Bg2 Bg7 8. Nf3 O-O 9. O-O Re8 10. Bf4 Bf5 11. Nh4 Bc8 12. Nf3 Bf5 13. Nh4 Bg4 14. Qd2 b5 15. Nxb5 Rxe2 16. Qc1 Ne8 17. Nc3 Re7 18. Bg5 f6 19. Bh6 Bxh6 20. Qxh6 g5 21. Bf3 Bc8 22. Ng2 Nd7 23. Be2 Ne5 24. f4 Nf7 25. Qh5 Ng7 26. Qf3 g4 27. Qf2 f5 28. Bd3 Bd7 29. Rfe1 Rb8 30. Ne3 h5 31. Qc2 Nh6 32. Nc4 Rxe1+ 33. Rxe1 Qf6 34. Ne2 Re8 35. Kf2 Nf7 36. Qc3 Qd8 37. Qa3 Qa8 38. Nc3 Qb7 39. Qa5 Kf8 40. Bc2 Rxe1 41. Kxe1 h4 42. a3 Nh5 43. Kf2 Nf6 44. b4 Nxd5 45. bxc5 Nf6 46. Bd1 Qh1 47. Nxd6 Qxh2+ 48. Kf1 hxg3 0-1

[Event "AUT-ch Open 2020"]
[Site "Graz"]
[Date "2020.02.18"]
[Round "5.21"]
[White "Lim, Zhuo Ren"]
[Black "Palac, Mladen"]
[Result "1/2-1/2"]
[ECO "E15"]
[WhiteElo "2296"]
[BlackElo "2536"]
[Annotator "RC"]
[PlyCount "87"]
[EventDate "2020.02.14"]
[EventType "swiss"]
[EventCountry "AUT"]
[SourceTitle "playchess.com"]
[Source "ChessBase"]
[SourceQuality "1"]
[TimeControl "40/5400+30:1800+30"]

1. d4 Nf6 2. c4 e6 3. Nf3 b6 4. g3 Ba6 5. b3 Bb4+ 6. Bd2 Be7 7. Bg2 d5 8. cxd5 exd5 9. O-O O-O 10. Nc3 Re8 11. Rc1 Nbd7 12. Nh4 c6 13. Re1 Bb7 14. Nf5 Bb4 15. Na4 Bf8 16. Bf4 Nh5 17. Bd6 g6 18. Bxf8 Nxf8 19. Nh6+ Kg7 20. Ng4 Nd7 21. Qd2 f5 22. Qh6+ Kg8 23. Ne3 Ng7 24. Nf1 Nf6 25. f3 Ne6 26. Qd2 Qd6 27. e3 Re7 28. Qc3 Rc8 29. Red1 Kg7 30. b4 Rec7 31. Nd2 Ba6 32. Nb3 h5 33. Nb2 h4 34. Qe1 hxg3 35. hxg3 Nh5 36. f4 Nf6 37. Nd3 Bxd3 38. Rxd3 c5 39. dxc5 bxc5 40. bxc5 Nxc5 41. Nxc5 Rxc5 42. Rcd1 Rb8 43. Qd2 Qe7 44. Bf3 1/2-1/2

[Event "AUT-ch Open 2020"]
[Site "Graz"]
[Date "2020.02.18"]
[Round "5.23"]
[White "Yankelevich, Lev"]
[Black "Zadruzny, Nicolaj"]
[Result "1/2-1/2"]
[ECO "D37"]
[WhiteElo "2473"]
[BlackElo "2473"]
[Annotator "RC"]
[PlyCount "60"]
[EventDate "2020.02.14"]
[EventType "swiss"]
[EventCountry "AUT"]
[SourceTitle "playchess.com"]
[Source "ChessBase"]
[SourceQuality "1"]
[TimeControl "40/5400+30:1800+30"]

1. d4 Nf6 2. c4 e6 3. Nf3 d5 4. Nc3 Be7 5. Bf4 O-O 6. e3 Nbd7 7. Be2 dxc4 8. O-O c5 9. dxc5 Nxc5 10. Bxc4 a6 11. Ne5 Ncd7 12. Qf3 Nxe5 13. Bxe5 Qa5 14. Bg3 Qb4 15. Qe2 Bd7 16. a3 Qc5 17. Rac1 Nh5 18. Ne4 Nxg3 19. Nxc5 Nxe2+ 20. Bxe2 Bxc5 21. Rxc5 Rfc8 22. Rfc1 Rxc5 23. Rxc5 Rc8 24. Rxc8+ Bxc8 25. e4 e5 26. Bc4 Kf8 27. f3 Ke7 28. Bd5 b6 29. Kf2 Be6 30. Bxe6 Kxe6 1/2-1/2

[Event "AUT-ch Open 2020"]
[Site "Graz"]
[Date "2020.02.18"]
[Round "5.25"]
[White "Blohberger, Felix"]
[Black "Danner, Georg"]
[Result "1-0"]
[ECO "A43"]
[WhiteElo "2448"]
[BlackElo "2295"]
[Annotator "RC"]
[PlyCount "57"]
[EventDate "2020.02.14"]
[EventType "swiss"]
[EventCountry "AUT"]
[SourceTitle "playchess.com"]
[Source "ChessBase"]
[SourceQuality "1"]
[TimeControl "40/5400+30:1800+30"]

1. d4 c5 2. d5 g6 3. e4 Bg7 4. Nc3 d6 5. Bb5+ Bd7 6. a4 Nf6 7. Nf3 O-O 8. O-O Bg4 9. Be2 Bxf3 10. Bxf3 Na6 11. Bg5 Nc7 12. Qd2 a6 13. Rae1 Nd7 14. Be2 Rb8 15. f4 f6 16. Bh4 b5 17. b3 bxa4 18. Nxa4 Rb4 19. Bc4 Nb6 20. Nxb6 Rxb6 21. e5 fxe5 22. fxe5 Rxf1+ 23. Kxf1 Nb5 24. Kg1 Bxe5 25. Rxe5 dxe5 26. Bxe7 Qd7 27. d6+ Kg7 28. Qd5 Rxd6 29. Qxe5+ 1-0

[Event "AUT-ch Open 2020"]
[Site "Graz"]
[Date "2020.02.18"]
[Round "5.26"]
[White "Matt, Fabian"]
[Black "Valeanu, Eduard-Andrei"]
[Result "1/2-1/2"]
[ECO "A34"]
[WhiteElo "2290"]
[BlackElo "2427"]
[Annotator "RC"]
[PlyCount "151"]
[EventDate "2020.02.14"]
[EventType "swiss"]
[EventCountry "AUT"]
[SourceTitle "playchess.com"]
[Source "ChessBase"]
[SourceQuality "1"]
[TimeControl "40/5400+30:1800+30"]

1. Nf3 c5 2. c4 Nf6 3. Nc3 d5 4. cxd5 Nxd5 5. e3 Nc6 6. Bb5 Ndb4 7. O-O a6 8. Be2 Bf5 9. Ne1 Nd3 10. Qb3 b5 11. Bf3 Rc8 12. a4 c4 13. Qd1 b4 14. Ne2 e5 15. Ng3 Be6 16. b3 Nc5 17. bxc4 Bxc4 18. d3 Bb3 19. Qe2 Nxa4 20. d4 Nb6 21. Bb2 Bc4 22. Nd3 Be7 23. Rfd1 exd4 24. exd4 O-O 25. d5 Nxd5 26. Qe4 Bb3 27. Nf4 Bxd1 28. Rxd1 Nc3 29. Bxc3 bxc3 30. Rxd8 Rfxd8 31. Nd5 Rxd5 32. Qxd5 c2 33. Ne2 Rd8 34. Qxd8+ Nxd8 35. Be4 g6 36. f4 Bc5+ 37. Kf1 Kg7 38. Bxc2 a5 39. g4 Nb7 40. Nc3 Bd4 41. Ne4 Nd8 42. Ke2 Nc6 43. h3 Nb4 44. Bb3 f6 45. Nd6 Bc3 46. Ne4 Bb2 47. Nd6 Nc6 48. Kd3 g5 49. Nc4 Ba1 50. Ba4 Ne7 51. fxg5 fxg5 52. Nxa5 Nd5 53. Nc6 Nf4+ 54. Ke4 Nxh3 55. Ne7 Kf6 56. Ng8+ Kf7 57. Bb3+ Kg7 58. Kf5 h6 59. Ne7 Nf2 60. Bc2 Bf6 61. Nd5 Bd4 62. Nc7 Kf7 63. Bb3+ Ke7 64. Ne6 Be3 65. Bd5 Kd6 66. Bf3 Nd3 67. Ke4 Ne5 68. Ng7 Bf4 69. Nf5+ Ke6 70. Nxh6 Nc4 71. Be2 Nd6+ 72. Kd4 Be5+ 73. Ke3 Bf4+ 74. Kd4 Kf6 75. Nf5 Nxf5+ 76. gxf5 {[%emt 0:00:05] Ke5+ Ke4+} 1/2-1/2

[Event "AUT-ch Open 2020"]
[Site "Graz"]
[Date "2020.02.18"]
[Round "5.29"]
[White "Socko, Monika"]
[Black "Peycheva, Gergana"]
[Result "1-0"]
[ECO "E06"]
[WhiteElo "2419"]
[BlackElo "2419"]
[Annotator "RC"]
[PlyCount "93"]
[EventDate "2020.02.14"]
[EventType "swiss"]
[EventCountry "AUT"]
[SourceTitle "playchess.com"]
[Source "ChessBase"]
[SourceQuality "1"]
[TimeControl "40/5400+30:1800+30"]

1. d4 Nf6 2. c4 e6 3. g3 d5 4. Nf3 Be7 5. Bg2 O-O 6. O-O c6 7. Nbd2 b6 8. b3 Bb7 9. Bb2 Nbd7 10. Ne5 c5 11. cxd5 Nxd5 12. Nxd7 Qxd7 13. dxc5 Bxc5 14. Ne4 Be7 15. Qd4 f6 16. Rad1 Rfd8 17. Nc3 Bc5 18. Qg4 Qe7 19. Nxd5 Bxd5 20. Bxd5 Rxd5 21. Rxd5 exd5 22. Rd1 Re8 23. e3 Qe4 24. Qe2 a5 25. Bc3 Rd8 26. Rd3 a4 27. f3 Qe7 28. bxa4 Ra8 29. a5 bxa5 30. Kg2 a4 31. Rxd5 Bxe3 32. Qc4 Kh8 33. Qc6 Re8 34. Rd7 Qf8 35. Qxa4 Bh6 36. Qc4 Rc8 37. Qd3 Qg8 38. a4 Re8 39. a5 Qa2+ 40. Kh3 Qe6+ 41. g4 Bf4 42. Rd8 h5 43. Rxe8+ Qxe8 44. Qf5 Qe3 45. Qxh5+ Kg8 46. Qd5+ Kh8 47. Qa8+ 1-0

[Event "AUT-ch Open 2020"]
[Site "Graz"]
[Date "2020.02.19"]
[Round "7.1"]
[White "Mis, Mieszko"]
[Black "Tisaj, Domen"]
[Result "1-0"]
[ECO "A80"]
[WhiteElo "2334"]
[BlackElo "2245"]
[Annotator "NA"]
[PlyCount "53"]
[EventDate "2020.02.14"]
[EventType "swiss"]
[EventCountry "AUT"]
[SourceTitle "playchess.com"]
[Source "ChessBase"]
[SourceQuality "1"]
[TimeControl "40/5400+30:1800+30"]

1. d4 f5 2. Bg5 g6 3. Nc3 Bg7 4. Nf3 Nf6 5. e3 O-O 6. Bd3 d5 7. h4 Ne4 8. Ne2 Nxg5 9. hxg5 Qd6 10. Qd2 Nd7 11. O-O-O e5 12. dxe5 Nxe5 13. Nxe5 Qxe5 14. c3 Qe7 15. f4 Rf7 16. Rh2 Bd7 17. Rdh1 Re8 18. Rh3 Bf8 19. Bc2 c6 20. Qd3 Rg7 21. Kb1 b5 22. Nd4 a6 23. g4 fxg4 24. Rxh7 Rxh7 25. Qxg6+ Rg7 26. Qh6 Qxe3 27. Bh7+ 1-0